 Dungeon Crawl Stone Soup version 0.27-a0-419-g7a85846853 (webtiles) character file.

Game seed: 5731600389349671696

8 Chiseanne the Ducker (level 2, 20/22 HPs)
             Began as a Demonspawn Wanderer on Feb 26, 2021.
             Quit the game on level 1 of the Dungeon.
             The game lasted 00:00:36 (413 turns).

Chiseanne the Ducker (Demonspawn Wanderer)           Turns: 413, Time: 00:00:37

Health: 20/22      AC:  4    Str: 14    XL:     2   Next: 0%
Magic:  2/2        EV: 12    Int: 10    God:
Gold:   0          SH:  0    Dex: 13    Spells: 1/1 levels left

rFire    . . .     SeeInvis .   a - +0 short sword
rCold    . . .     Faith    .   (no shield)
rNeg     . . .     Spirit   .   c - +0 leather armour
rPois    .         Reflect  .   (no helmet)
rElec    .         Harm     .   (no cloak)
rCorr    .         Rampage  .   e - +0 pair of gloves
Will     .....                  (no boots)
Stlth    +.........             (no amulet)
HPRegen  0.07/turn              (no ring)
MPRegen  0.08/turn              (no ring)

@: no status effects
A: talons 1
a: no special abilities


You were on level 1 of the Dungeon.
You visited 1 branch of the dungeon, and saw 1 of its levels.

Inventory:

Hand Weapons
 a - a +0 short sword (weapon)
Missiles
 b - 3 throwing nets (quivered)
Armour
 c - a +0 leather armour (worn)
 e - a +0 pair of gloves (worn)
Scrolls
 f - 2 scrolls of identify {unknown}
Potions
 d - a potion of curing
 g - a potion of might {unknown}


   Skills:
 * Level 2.2 Fighting
 - Level 1.7 Short Blades
 * Level 0.6 Armour
 * Level 2.9 Dodging
 - Level 1.7 Shields
 - Level 1.0 Unarmed Combat


You had one spell level left.
You didn't know any spells.
Your spell library was empty.

Dungeon Overview and Level Annotations

Branches:
Dungeon (1/15)

Altars:


Innate Abilities, Weirdness & Mutations

You have sharp toenails.


Message History

The bat is heavily wounded.
The bat barely misses you. The bat misses you.
You barely miss the bat.
The bat is moderately wounded.
The bat closely misses you. x2
You hit the bat but do no damage.
The bat is moderately wounded.
The bat hits you but does no damage. The bat hits you but does no damage.
You hit the bat but do no damage. The bat misses you.
The bat closely misses you.
You hit the bat.
The bat is heavily wounded.
The bat barely misses you.
You hit the bat.
You kill the bat!
A hobgoblin comes into view. It is wielding a +0 club.
The hobgoblin hits you but does no damage.
You closely miss the hobgoblin. The hobgoblin barely misses you.
You hit the hobgoblin.
The hobgoblin is moderately wounded.
The hobgoblin hits you with a +0 club.
You barely miss the hobgoblin.
The hobgoblin is moderately wounded.
The hobgoblin completely misses you.
You hit the hobgoblin.
The hobgoblin is severely wounded.
The hobgoblin hits you but does no damage.
You hit the hobgoblin.
The hobgoblin is almost dead.
You hit the hobgoblin but do no damage.
The hobgoblin is almost dead.
The hobgoblin misses you.
You hit the hobgoblin.
You kill the hobgoblin!
You have reached level 2!
Your demonic ancestry asserts itself...
Your toenails lengthen and sharpen.
Are you sure you want to abandon this character and quit the game? (Confirm with "yes".)

#..(....##..# #...#..
#.......##..# #..##.#
#.......##?.# #..##.# #
#.......##..# #..##.#
+#.#.......##..# #...#..
>..........##..####..##.
...........รท....#
#...## ..####.#.##....#
##.... #@#.##....##
##... #)#.##.....## ###.
#.#.##......######
#.#.##.........###
#.#.##............
....##............
#.####..#########. #..
....# #. ###.. #.


There were no monsters in sight!

Vanquished Creatures
  A dart slug (D:1)
  2 bats (D:1)
  A giant cockroach (D:1)
  A hobgoblin (D:1)
5 creatures vanquished.

Notes
Turn   | Place    | Note
-------+----------+-------------------------------------------
     0 | D:1      | Chiseanne the Demonspawn Wanderer began the quest for the
                  | Orb.
     0 | D:1      | Chiseanne set off with the following items: a +0 short
                  | sword, 3 throwing nets, a +0 leather armour, a potion of
                  | curing
     0 | D:1      | Reached XP level 1. HP: 16/16 MP: 1/1
   413 | D:1      | Gained mutation: You have sharp toenails. [demonic
                  | ancestry]
   413 | D:1      | Reached XP level 2. HP: 20/22 MP: 2/2
   413 | D:1      | Quit the game

Illustrated notes

Levels and vault maps discovered:
D:1:      dpeg_arrival_concentric_ovals, layout_basic, solitary_fountain,
          minmay_worlds_worst_comb

Action                   || total
-------------------------++-------
Melee: Short sword       ||    36
       Punch             ||     1
Armor: Leather armour    ||    22
Dodge: Dodged            ||    47

Table legend: (Time is in decaauts)
 A = Elapsed time spent in this place.
 B = Non-inter-level travel time spent in this place.
 C = Inter-level travel time spent in this place.
 D = Time resting spent in this place.
 E = Time spent auto-exploring this place.
 F = Levels seen in this place.
 G = Mean time per level.
                   A        B        C        D        E       F      G
               +--------+--------+--------+--------+--------+-----+--------+
         Total |    413 |    413 |      0 |    266 |     86 |   1 |  413.0 |
       Dungeon |    413 |    413 |      0 |    266 |     86 |   1 |  413.0 |
               +--------+--------+--------+--------+--------+-----+--------+

Top non-repeatable levels by time:
     D:1: 413 daAuts
